 Dungeon Crawl Stone Soup version 0.30-a0-739-gea05faddec (webtiles) character file.

Game seed: 6490550015782821871

310 cforsyth the Firebug (level 6, -1/32 HPs)
             Began as a Tengu Fire Elementalist on Feb 4, 2023.
             Was an Initiate of Hepliaklqana.
             Slain by a black bear (10 damage)
             ... on level 4 of the Dungeon.
             The game lasted 00:09:09 (4387 turns).

cforsyth the Firebug (Tengu Fire Elementalist)      Turns: 4387, Time: 00:09:10

Health: -1/32      AC:  3    Str:  8    XL:     6   Next: 41%
Magic:  7/12       EV: 14    Int: 17    God:    Hepliaklqana [......]
Gold:   112        SH:  0    Dex: 15    Spells: 11/12 levels left

rFire   . . .      SeeInvis .    (no weapon)
rCold   . . .      Faith    .    (no shield)
rNeg    . . .      Spirit   .    a - +1 robe
rPois   .          Reflect  .    (helmet restricted)
rElec   .          Harm     .    (no cloak)
rCorr   .          Rampage  .    (no gloves)
Will    .....                    (boots unavailable)
Stlth   ++                       (no amulet)
HPRegen 0.25/turn                (no ring)
MPRegen 0.13/turn                (no ring)

@: lethally poisoned (-1 -> -2), flying quickly and evasively, quick
A: beak, talons 3, nimble flight
a: Renounce Religion


You were on level 4 of the Dungeon.
You worshipped Hepliaklqana.
Hepliaklqana was noncommittal.
You visited 1 branch of the dungeon, and saw 4 of its levels.
You also visited: Sewer.

You collected 112 gold pieces.

Inventory:

Missiles
 n - a throwing net
Armour
 a - a +1 robe (worn)
Jewellery
 i - an amulet of regeneration
 r - the ring of Honabad {Drain rC++ rN++ Str+6}
   (You acquired it on level 4 of the Dungeon)

   [ring of strength]

   Str:       It affects your strength (+6).
   rC:        It greatly protects you from cold.
   rN:        It greatly protects you from negative energy.
   Drain:     It drains your maximum health when unequipped.
Scrolls
 b - 2 scrolls of poison {unknown}
 e - 5 scrolls of teleportation
 g - a scroll of amnesia
 h - 6 scrolls of identify
 k - a scroll of immolation {unknown}
 o - a scroll of vulnerability
Potions
 c - 2 potions of curing {unknown}
 d - 2 potions of attraction {unknown}
 f - 2 potions of haste {unknown}
 j - a potion of degeneration {unknown}
 l - 3 potions of might
 p - a potion of lignification {unknown}
 q - a potion of ambrosia {unknown}


   Skills:
 - Level 2.1 Dodging
 - Level 2.0 Stealth
 + Level 3.7 Spellcasting
 + Level 4.8 Conjurations
 + Level 5.2 Fire Magic


You had 11 spell levels left.
You knew the following spells:

 Your Spells              Type           Power      Damage    Failure   Level
a - Foxfire               Conj/Fire      80%        2x1d8     1%          1

Your spell library contained the following spells:

 Spells                   Type           Power      Damage    Failure   Level
 Scorch                   Fire           40%        2d7       3%          2
 Inner Flame              Hex/Fire       12%        N/A       17%         3
 Flame Wave               Conj/Fire      20%        2d7       21%         4
 Kindle Blastsparks       Fire/Tloc/Air  18%        2d11      24%         3
 Animate Dead             Necr           3%         N/A       85%         4
 Borgnjor's Vile Clutch   Necr/Erth      1%         N/A       99%         5
 Death Channel            Necr           1%         N/A       100%        6


Dungeon Overview and Level Annotations

Branches:
Dungeon (4/15)              Sewer (visited)
 Temple: D:4-7

Altars:
Dithmenos
Hepliaklqana


Innate Abilities, Weirdness & Mutations

You have a beak for a mouth.
You have claws for feet.
Your magical nature lets you fly swiftly and evasively.


Message History

Casting: Foxfire (safe; 1% risk of failure)
Confirm with . or Enter, or press ? or * to list all spells.
You conjure some foxfire!
The foxfire hits the black bear.
The black bear is heavily wounded.
Casting: Foxfire (safe; 1% risk of failure)
Confirm with . or Enter, or press ? or * to list all spells.
You conjure some foxfire!
The foxfire hits the black bear.
The black bear is almost dead.
The foxfire hits the adder.
The adder is moderately wounded.
Casting: Foxfire (safe; 1% risk of failure)
Confirm with . or Enter, or press ? or * to list all spells.
You conjure some foxfire!
The black bear goes berserk!
The adder bites you.
You are poisoned.
The adder poisons you!
You hit the black bear.
The black bear is almost dead.
You feel sick.
The foxfire hits the black bear but does no damage.
The black bear is almost dead.
The foxfire hits the black bear but does no damage.
The black bear is almost dead.
The foxfire hits the black bear but does no damage.
The black bear is almost dead.
The black bear barely misses you. x2; The black bear claws you.
The adder bites you. The black bear bites you.
The black bear claws you but does no damage.
The black bear barely misses you.
Casting: Foxfire (safe; 1% risk of failure)
Confirm with . or Enter, or press ? or * to list all spells.
You conjure some foxfire!
You feel sick. The adder closely misses you.
The black bear closely misses you. x2; The black bear claws you.
Casting: Foxfire (safe; 1% risk of failure)
Confirm with . or Enter, or press ? or * to list all spells.
You conjure some foxfire!
You feel sick.
The foxfire hits the black bear.
The black bear is almost dead.
The foxfire hits the black bear but does no damage.
The black bear is almost dead.
The adder closely misses you. The black bear bites you!
You die...

### ########## #.#
.........# #.#
.........# #<#
.........### #.#
...........# #.#
.......รท.#.#####.#####
.######.##.....v@h...#
## #.......##.S##.# #
####..##.....#.# #
#....(...##S# #
#######.########.#
#.......# #.. #.....###
### #.....# #######


You could see a black bear (berserk) and an adder (ally target).

Vanquished Creatures
  A necrophage (D:4)
  2 iguanas
  8 adders
  3 river rats (Sewer)
  A worm (D:2)
  A dart slug (D:1)
  9 orcs
  3 ball pythons
  8 endoplasms
  3 giant cockroaches (D:1)
  10 goblins
  8 hobgoblins
  5 jackals (D:2)
  2 quokkas
  2 bats
  11 frilled lizards
  5 kobolds
  11 rats
93 creatures vanquished.

Vanquished Creatures (collateral kills)
  4 foxfires (D:1)
4 creatures vanquished.

Vanquished Creatures (others)
  379 foxfires
379 creatures vanquished.

Grand Total: 476 creatures vanquished

Notes
Turn   | Place    | Note
-------+----------+-------------------------------------------
     0 | D:1      | cforsyth the Tengu Fire Elementalist began the quest for
                  | the Orb.
     0 | D:1      | Reached XP level 1. HP: 10/10 MP: 4/4
   279 | D:1      | Reached XP level 2. HP: 15/15 MP: 3/6
   934 | D:1      | Found a faded altar of an unknown god.
  1339 | D:2      | Reached XP level 3. HP: 19/19 MP: 3/7
  2245 | D:2      | Reached skill level 4 in Fire Magic
  2394 | D:2      | Reached XP level 4. HP: 24/24 MP: 3/9
  3073 | D:3      | Gained mutation: Your magical nature lets you fly swiftly
                  | and evasively. [Tengu growth]
  3073 | D:3      | Reached XP level 5. HP: 28/28 MP: 0/10
  3698 | D:3      | Noticed a shadow
  3701 | D:3      | Found a shadowy altar of Dithmenos.
  3702 | D:3      | Found a hazy altar of Hepliaklqana.
  3708 | D:3      | Became a worshipper of Hepliaklqana the Forgotten
  3942 | D:4      | Identified a scroll of acquirement
  3942 | D:4      | Acquired the ring of Honabad {Drain rC++ rN++ Str+6}
  3987 | D:4      | Reached skill level 5 in Fire Magic
  3987 | D:4      | Reached XP level 6. HP: 32/32 MP: 0/12
  4041 | D:4      | Found a glowing drain.
  4046 | Sewer    | Entered a sewer
  4374 | D:4      | Noticed a black bear
  4387 | D:4      | Slain by a black bear

Illustrated notes

Levels and vault maps discovered:
D:1:      minmay_arrival_four_circles, layout_basic,
          dreamdust_ecumenical_altar_grove, minmay_tree_intersection
D:2:      kennysheep_the_goblin_king, layout_loops_corners,
          kennysheep_generic_room_7
D:3:      layout_basic, riverfiend_overflow_shadow_ancestor, st_stairs_14,
          minivault_24, minmay_strange_pillars, bh_walls_and_bars
D:4:      layout_basic, enter_ossuary_3, portal_sewer_entry_e

Skill      XL: |  1  2  3  4  5 |
---------------+----------------+-----
Conjurations   | 2 3 4 |  4.8
Fire Magic     | 4 5 |  5.2
Spellcasting   | 3 |  3.7
Dodging        | |  2.1
Stealth        | |  2.0

Action                     |  1- 3 |  4- 6 || total
---------------------------+-------+-------++-------
  Melee: Unarmed           |     1 |    19 ||    20
         Kick              |       |     4 ||     4
         Peck              |       |     5 ||     5
   Cast: Foxfire           |   119 |   114 ||   233
    Use: Scroll            |       |    10 ||    10
         Potion            |       |     1 ||     1
 Armour: Robe              |     3 |     9 ||    12
  Dodge: Dodged            |    21 |    27 ||    48

Table legend: (Time is in decaauts)
 A = Elapsed time spent in this place.
 B = Non-inter-level travel time spent in this place.
 C = Inter-level travel time spent in this place.
 D = Time resting spent in this place.
 E = Time spent auto-exploring this place.
 F = Levels seen in this place.
 G = Mean time per level.
                   A        B        C        D        E       F      G
               +--------+--------+--------+--------+--------+-----+--------+
         Total |   4301 |   4193 |    108 |      0 |   3374 |   5 |  860.2 |
       Dungeon |   4047 |   3939 |    108 |      0 |   3374 |   4 | 1011.8 |
         Sewer |    254 |    254 |      0 |      0 |      0 |   1 |  254.0 |
               +--------+--------+--------+--------+--------+-----+--------+

Top non-repeatable levels by time:
     D:2: 1560 daAuts
     D:1: 1333 daAuts
     D:3: 994 daAuts
   Sewer: 254 daAuts
     D:4: 158 daAuts
